 Dungeon Crawl Stone Soup version 0.21-a0-41-g5e91fef (webtiles) character file.

85737 KristoblXynda the Swashbuckler (level 15, -10/107 HPs)
             Began as a Red Draconian Monk on June 3, 2017.
             Was the Champion of Yredelemnul.
             Mangled by a shambling mangrove (25 damage)
             ... on level 4 of the Swamp on June 4, 2017.
             The game lasted 01:25:18 (20470 turns).

KristoblXynda the Swashbuckler (DrMo)              Turns: 20470, Time: 01:25:18

Health: -10/107    AC: 13    Str: 18    XL:     15   Next: 2%
Magic:  0/37       EV: 12    Int: 13    God:    Yredelemnul [******]
Gold:   2152       SH:  9    Dex: 15    Spells: 29/32 levels left

rFire    + + .     SeeInvis +   G - +11 rapier of Liteom {chaos, rPois MR- Str+2 SInv}
rCold    + . .     Gourm    .   l - +0 buckler
rNeg     . . .     Faith    .   (armour unavailable)
rPois    +         Spirit   +   (helmet restricted)
rElec    .         Reflect  +   i - scarf {Spirit}
rCorr    .         Harm     .   H - +1 pair of gloves {archery}
MR       .....                  S - +1 pair of boots
Stlth    +++++.....             k - +4 amulet of reflection
Regen    0.3/turn               e - ring of magical power
MPRegen  0.3/turn               c - ring "Hogony" {rPois rF+ rC+}

@: grasped by roots, wreathed by umbra, very slow
A: breathe fire, unfitting armour, fire resistance 1, cold-blooded, subdued
magic 1, AC +9
}: 1/15 runes: decaying
a: Breathe Fire, Recall Undead Slaves, Injury Mirror, Animate Dead, Drain Life,
Enslave Soul, Renounce Religion


You were on level 4 of the Swamp.
You worshipped Yredelemnul.
Yredelemnul was exalted by your worship.
You were hungry.

You visited 5 branches of the dungeon, and saw 23 of its levels.
You also visited: Volcano.

You collected 2670 gold pieces.
You spent 518 gold pieces at shops.

Inventory:

Hand Weapons
 G - the +11 rapier of Liteom (weapon) {chaos, rPois MR- Str+2 SInv}
   (You found it on level 9 of the Dungeon)

   Each time it hits an enemy it has a different, random effect.
   It affects your strength (+2).
   It protects you from poison.
   It affects your resistance to hostile enchantments.
   It lets you see invisible.
Missiles
 C - 5 throwing nets (quivered)
Armour
 i - a scarf of spirit shield (worn)
 l - a +0 buckler (worn)
 H - a +1 pair of gloves of archery (worn)
 S - a +1 pair of boots (worn)
Jewellery
 c - the ring "Hogony" (right hand) {rPois rF+ rC+}
   (You bought it in a shop on level 2 of the Orcish Mines)

   [ring of protection from cold]

   It protects you from fire.
   It protects you from cold.
   It protects you from poison.
 e - a ring of magical power (left hand)
 k - a +4 amulet of reflection (around neck)
Wands
 m - a wand of iceblast (7/15)
 y - a wand of iceblast (6/15)
 E - a wand of paralysis (11/24)
 K - a wand of confusion (14/48)
 R - a wand of iceblast (13/15)
Scrolls
 a - 2 scrolls of enchant weapon
 d - 2 scrolls of immolation
 h - a scroll of identify
 v - 7 scrolls of remove curse
 w - a scroll of amnesia
 D - 8 scrolls of teleportation
 I - a scroll of fear
 P - a scroll of recharging
 Q - 3 scrolls of fog
 U - a scroll of magic mapping
Potions
 f - 4 potions of lignification
 g - 6 potions of curing
 j - 3 potions of haste
 n - 3 potions of invisibility
 p - 4 potions of ambrosia
 r - 5 potions of agility
 s - 5 potions of resistance
 t - 3 potions of berserk rage
 u - 2 potions of brilliance {unknown}
 x - a potion of magic {unknown}
 z - 5 potions of might
 A - 2 potions of cancellation {unknown}
 B - 6 potions of flight {unknown}
 M - 3 potions of degeneration {unknown}
 O - 4 potions of mutation {unknown}
Miscellaneous
 q - a lightning rod (4/4)
 F - a phantom mirror
 J - a lamp of fire
 N - a fan of gales (inert)
Comestibles
 b - 12 bread rations
 o - 4 meat rations
 L - 19 fruits


   Skills:
 - Level 3.2 Fighting
 + Level 15.4 Short Blades
   Level 3.3 Axes
 - Level 9.1 Dodging
 - Level 5.2 Stealth
 - Level 5.5 Shields
 - Level 9.2 Spellcasting
 + Level 6.2 Hexes
 - Level 7.5 Invocations
 + Level 11.7 Evocations


You had 29 spell levels left.
You knew the following spells:

 Your Spells              Type           Power        Failure   Level  Hunger
a - Spectral Weapon       Hex/Chrm       ##......     8%          3    ##.....


Dungeon Overview and Level Annotations

Branches:
Dungeon (10/15)            Temple (1/1) D:4            Lair (6/6) D:8
  Swamp (4/4) Lair:4       Spider (0/4) Lair:2        Slime (0/5) Lair:5
    Orc (2/2) D:9             Elf (0/3) Orc:2

Altars:
Ashenzari
Cheibriados
Dithmenos
Elyvilon
Fedhas
Gozag
Hepliaklqana
Kikubaaqudgha
Makhleb
Nemelex Xobeh
Okawaru
Qazlal
Ru
Sif Muna
Trog
Uskayaw
Vehumet
Wu Jian
Xom
Yredelemnul
Zin
The Shining One
Beogh
Jiyva

Shops:
Orc:2 (([(=


Innate Abilities, Weirdness & Mutations

You can breathe blasts of fire.
Your fiery red scales are hard. (AC +9)
You cannot fit into any form of body armour.
Your flesh is heat resistant. (rF+)
You are cold-blooded and may be slowed by cold attacks.
Your spells are a little easier to cast, but a little less powerful.


Message History

You hear a splash. x2
Your lamp of fire has recharged.
Your wraith hits the skeletal warrior but does no damage.
You hit the shambling mangrove.
The shambling mangrove is lightly damaged.
Your vampire knight mumbles some strange words.
Your vampire knight seems to speed up.
Your phantasmal warrior hits the shambling mangrove!!
The shambling mangrove's magical defenses are stripped away!
Your ghoul claws the skeletal warrior!
The skeletal warrior is destroyed!
You hear a splash.
The spriggan rider hits you from afar with a spear!
* * * LOW HITPOINT WARNING * * *
You hit the shambling mangrove.
You tail-slap the shambling mangrove, but do no damage.
The shambling mangrove is moderately damaged.
The shambling mangrove hits you!!
You die...
Your body rises from the dead as a mindless zombie.

.≈.≈≈≈≈..≈≈≈.≈≈≈≈..≈≈.♣
.n≈≈≈≈≈≈≈≈.≈.≈≈≈.≈≈.≈♣♣
.n≈≈≈≈≈≈≈ZZ♣.≈≈≈≈≈≈≈♣♣
...≈≈≈..§ZVZ.≈≈Vn♣♣♣♣
n≈.≈≈≈...♣♣Z.n≈V♣♣
.≈.≈≈≈.♣♣♣.V≈≈z♣♣
n≈≈≈≈≈♣♣ ♣≈≈≈≈≈≈♣
V≈≈≈.♣♣ ♣♣≈≈≈n♣♣♣♣♣♣
V≈≈≈.♣♣ ♣.VVWWD≈@..♣♣♣
n≈≈≈≈≈.§≈.≈≈≈≈AAf...≈♣♣
.≈≈≈...≈≈.V≈≈≈i.≈W.≈≈.♣
♣♣♣♣♣.≈≈≈≈≈≈≈≈≈[≈≈≈≈≈≈♣
♣ .≈≈≈≈≈≈≈≈≈≈..≈..♣♣ ♣
≈≈≈≈≈≈≈§.)..♣§♣♣ ♣
≈≈≈.≈≈§≈≈≈.≈♣♣♣ ♣
≈≈.≈≈≈≈≈≈≈♣♣ ♣♣
♣≈≈≈≈≈≈≈♣♣


You could see a shambling mangrove, a spriggan rider, a friendly bone dragon, 2
friendly profane servitors, a friendly ghoul, 3 friendly vampire knights, a
friendly phantasmal warrior and 2 friendly wraiths.

Vanquished Creatures
  Jorgrun (Swamp:3)
  A ghoul (Swamp:4)
  A fire dragon (Swamp:4)
  An ogre mage (Volcano)
  Fannar (Orc:1)
  5 hydras
  A catoblepas (Lair:6)
  6 two-headed ogres
  2 alligators (Swamp:4)
  3 death yaks
  A hell knight (Volcano)
  Sonja (Lair:4)
  An orc high priest (Orc:2)
  2 fire crabs (Swamp:4)
  2 swamp dragons
  2 shambling mangroves (Swamp:3)
  Pikel (D:8)
  8 orc sorcerers (Orc:2)
  A lindwurm (Lair:6)
  2 orc knights (Orc:1)
  A cyclops (Orc:1)
  An elephant (D:8)
  8 spiny frogs
  2 rime drakes
  3 komodo dragons
  2 trolls (Orc:2)
  A queen bee (shapeshifter) (Lair:6)
  2 tyrant leeches
  6 slime creatures
  2 hornets (Swamp:3)
  4 blink frogs
  4 bog bodies
  4 dream sheep (Lair:5)
  6 hippogriffs
  A redback (Lair:2)
  Sigmund (D:4)
  5 spriggans
  A wraith (D:10)
  A shadow (Swamp:1)
  2 wyverns (Lair:4)
  A fire bat (Swamp:4)
  Eustachio (D:4)
  24 yaks
  2 basilisks
  A vampire mosquito (Swamp:3)
  A steam dragon (Swamp:4)
  8 wargs (Orc:2)
  2 water moccasins
  4 swamp worms
  3 porcupines
  12 orc warriors
  A phantom (D:10)
  A slave (D:8)
  A swamp drake (shapeshifter) (Lair:4)
  6 swamp drakes
  2 ice beasts
  A sky beast (D:7)
  2 ogres
  A black bear (Lair:1)
  8 crocodiles
  3 centaurs
  A big kobold (D:10)
  2 bullfrogs
  3 scorpions
  8 killer bees (D:8)
  2 electric eels (Lair:2)
  2 crimson imps
  2 bullfrog zombies (D:9)
  A centaur skeleton (D:5)
  9 hounds
  2 bullfrog skeletons
  6 orc priests
  30 orc wizards
  Ijyb (D:4)
  3 iguanas
  3 worker ants
  5 hell rats (Lair:6)
  2 hound zombies
  4 gnolls
  11 adders
  2 shadow imps (D:6)
  An ooze (D:7)
  2 adder skeletons
  4 worms
  3 dart slugs
  4 leopard geckos
  89 orcs
  A ball python (D:3)
  6 bats
  5 giant cockroaches
  4 goblins
  13 hobgoblins
  6 jackals
  4 quokkas
  7 frilled lizards
  5 kobolds
  A leopard gecko skeleton (D:4)
  2 quokka skeletons (D:4)
  5 rats
446 creatures vanquished.

Vanquished Creatures (collateral kills)
  A thorn hunter (Swamp:2)
  The ghost of Duffy the Cleaver, a journeyman NaFi of the Shining One (Lair:6)
  2 very ugly things (Swamp:3)
  Harold (Lair:1)
  2 fire dragons (Swamp:4)
  8 hydras (Swamp:4)
  A ghost crab (Swamp:3)
  3 catoblepae (Lair:6)
  2 alligators (Swamp:2)
  5 death yaks (Lair:6)
  A skeletal warrior (Swamp:4)
  A spriggan druid (Swamp:3)
  3 swamp dragons (Swamp:4)
  2 orc sorcerers (Orc:2)
  2 manticores (Lair:6)
  2 black mambas
  A torpor snail (Lair:3)
  A rime drake (Lair:2)
  8 komodo dragons
  7 spiny frogs
  A jumping spider (Lair:2)
  A troll (D:7)
  A hydra zombie (Swamp:4)
  5 tyrant leeches (Swamp:4)
  7 hornets
  6 blink frogs
  10 slime creatures
  2 bog bodies
  2 hippogriffs (Lair:6)
  A meliai zombie (D:8)
  3 dream sheep (Lair:5)
  A flying skull (Orc:2)
  A vampire (Swamp:4)
  A shadow (Swamp:4)
  30 yaks
  6 spriggans
  3 wyverns
  5 fire bats
  3 steam dragons (Swamp:4)
  A vampire mosquito (Swamp:3)
  A steam dragon (shapeshifter) (Orc:2)
  A basilisk (Lair:6)
  Edmund (D:6)
  3 swamp worms
  A warg (Orc:1)
  6 water moccasins
  2 porcupines
  7 swamp drakes
  10 orc warriors
  An ice beast (D:7)
  2 ogres
  A necrophage (D:8)
  A boggart (shapeshifter) (Orc:2)
  3 crocodiles
  4 killer bees (D:8)
  A crimson imp (D:6)
  2 jellies (Swamp:3)
  A bullfrog skeleton (D:8)
  10 orc priests
  12 orc wizards
  5 iguanas (Lair:1)
  A hell rat (Lair:6)
  3 gnolls
  2 adders
  36 orcs
  2 quokkas (D:9)
  A jackal zombie (D:7)
  A bush (Lair:5)
  A butterfly (Lair:1)
  23 fungi
  21 plants
310 creatures vanquished.

Vanquished Creatures (others)
  A bone dragon (Swamp:4)
  A swamp dragon (Swamp:3)
  A lindwurm (Swamp:4)
  A hydra zombie (Swamp:4)
  A spriggan (Swamp:3)
  10 flying skulls
  3 slaves (D:8)
  A hornet zombie (Swamp:3)
  A rime drake zombie (Lair:2)
  A vampire mosquito zombie (Swamp:3)
  2 wights
  An orc wizard (Orc:2)
  2 mummies
  An adder (D:8)
  2 swamp drake zombies (Swamp:4)
  A steam dragon zombie (Swamp:4)
  2 orcs
  4 fungi
  9 plants
45 creatures vanquished.

Grand Total: 801 creatures vanquished

Notes
Turn   | Place    | Note
-------+----------+-------------------------------------------
     0 | D:1      | KristoblXynda the Draconian Monk began the quest for the Orb.
     0 | D:1      | Reached XP level 1. HP: 19/19 MP: 1/1
   332 | D:1      | Reached XP level 2. HP: 23/26 MP: 2/2
   379 | D:1      | Reached skill level 1 in Short Blades
   614 | D:1      | Reached XP level 3. HP: 31/31 MP: 3/3
  1104 | D:2      | Found a white marble altar of Elyvilon.
  1117 | D:2      | Reached skill level 2 in Short Blades
  1291 | D:2      | Reached XP level 4. HP: 18/38 MP: 4/4
  1892 | D:3      | Found a faded altar of an unknown god.
  1932 | D:3      | Became a worshipper of Yredelemnul the Dark
  1932 | D:3      | Reached * piety under Yredelemnul
  1932 | D:3      | Reached ** piety under Yredelemnul
  2502 | D:3      | Reached *** piety under Yredelemnul
  2518 | D:3      | Reached skill level 3 in Short Blades
  2518 | D:3      | Reached XP level 5. HP: 34/45 MP: 3/5
  3096 | D:4      | Noticed Eustachio
  3111 | D:4      | Killed Eustachio
  3111 | D:4      | Reached skill level 4 in Short Blades
  3111 | D:4      | Reached XP level 6. HP: 27/51 MP: 2/6
  3206 | D:4      | Found an opulent altar of Gozag.
  3244 | D:4      | Noticed Ijyb
  3260 | D:4      | Killed Ijyb
  3340 | D:4      | Found a staircase to the Ecumenical Temple.
  3423 | Temple   | Entered the Ecumenical Temple
  3690 | D:4      | Noticed Sigmund
  3709 | D:4      | Killed Sigmund
  3709 | D:4      | Reached skill level 5 in Short Blades
  3709 | D:4      | Reached skill level 5 in Dodging
  3709 | D:4      | Your scales start taking on a fiery red colour.
  3709 | D:4      | Reached XP level 7. HP: 50/57 MP: 7/7
  3709 | D:4      | Gained mutation: Your flesh is heat resistant. (rF+) [Red Draconian growth]
  4090 | D:5      | Entered Level 5 of the Dungeon
  4212 | D:5      | Reached **** piety under Yredelemnul
  4601 | D:6      | Reached skill level 6 in Short Blades
  4714 | D:6      | Reached XP level 8. HP: 47/63 MP: 6/8
  4740 | D:6      | Received a gift from Yredelemnul (4 flying skulls)
  4823 | D:6      | Found a hide-covered altar of Uskayaw.
  4826 | D:6      | Found an ornate altar of the Wu Jian Council.
  4826 | D:6      | Found a hazy altar of Hepliaklqana.
  4830 | D:6      | Found a sparkling altar of Nemelex Xobeh.
  4854 | D:6      | Found an iron altar of Okawaru.
  4883 | D:6      | Reached skill level 1 in Invocations
  4986 | D:6      | Noticed Edmund
  4992 | D:6      | Killed Edmund
  5087 | D:6      | Found a radiant altar of Vehumet.
  5115 | D:6      | Reached skill level 7 in Short Blades
  5311 | D:7      | Noticed a troll
  5316 | D:7      | Killed a troll
  5604 | D:7      | Reached skill level 1 in Shields
  5736 | D:7      | You fall through a shaft!
  5780 | D:8      | Reached XP level 9. HP: 56/70 MP: 9/12
  5874 | D:8      | Noticed Pikel
  5902 | D:8      | Killed Pikel
  5902 | D:8      | Reached skill level 8 in Short Blades
  5940 | D:8      | Reached skill level 5 in Invocations
  5941 | D:8      | Received a gift from Yredelemnul (a mummy)
  6294 | D:7      | Found a bloodstained altar of Trog.
  6709 | D:8      | Noticed an elephant
  6736 | D:8      | Killed an elephant
  6841 | D:8      | Received a gift from Yredelemnul (a wight)
  6906 | D:8      | Found a staircase to the Lair.
  6962 | D:8      | Noticed a two-headed ogre
  6972 | D:8      | Killed a two-headed ogre
  6972 | D:8      | Reached skill level 9 in Short Blades
  6972 | D:8      | Reached skill level 5 in Shields
  6972 | D:8      | Reached XP level 10. HP: 60/77 MP: 10/15
  7390 | D:8      | Found a sacrificial altar of Ru.
  7392 | D:8      | Found a deep blue altar of Sif Muna.
  7534 | Lair:1   | Entered Level 1 of the Lair of Beasts
  7534 | Lair:1   | Noticed Harold
  7546 | Lair:1   | Killed Harold
  7794 | D:9      | Received a gift from Yredelemnul (a mummy)
  8051 | D:9      | Got a bloodstained rapier
  8052 | D:9      | Identified the +11 rapier of Liteom {chaos, rPois MR- Str+2 SInv} (You found it on level 9 of the Dungeon)
  8340 | D:9      | Reached skill level 10 in Short Blades
  8463 | D:9      | Found a staircase to the Orcish Mines.
  8742 | D:10     | Entered Level 10 of the Dungeon
  8787 | D:10     | Learned a level 3 spell: Spectral Weapon
  8790 | D:10     | Noticed a two-headed ogre
  8802 | D:10     | Killed a two-headed ogre
  8895 | D:10     | Found an iron altar of Okawaru.
  8909 | D:10     | Received a gift from Yredelemnul (a wight)
  8966 | D:10     | Reached ***** piety under Yredelemnul
  9009 | D:10     | Reached XP level 11. HP: 68/82 MP: 16/16
  9348 | D:10     | Received a gift from Yredelemnul (3 flying skulls)
  9742 | Lair:1   | Received a gift from Yredelemnul (a wight)
  9870 | Lair:1   | Reached skill level 5 in Stealth
 10333 | Lair:1   | Reached skill level 1 in Spellcasting
 10382 | Lair:1   | Reached skill level 11 in Short Blades
 10708 | Lair:2   | Reached skill level 1 in Evocations
 10813 | Lair:2   | Received a gift from Yredelemnul (a wraith)
 10880 | Lair:2   | Found a hole to the Spider Nest.
 11289 | Lair:2   | Noticed a five-headed hydra
 11294 | Lair:2   | Killed a five-headed hydra
 11343 | Lair:2   | Noticed a six-headed hydra
 11348 | Lair:2   | Killed a six-headed hydra
 11348 | Lair:2   | Received a gift from Yredelemnul (a vampire)
 11796 | Lair:3   | Reached XP level 12. HP: 81/89 MP: 18/18
 11941 | Lair:3   | Received a gift from Yredelemnul (4 flying skulls)
 11991 | Lair:3   | Reached skill level 5 in Evocations
 12427 | Lair:4   | Noticed Sonja
 12450 | Lair:4   | Killed Sonja
 12450 | Lair:4   | Reached skill level 12 in Short Blades
 12501 | Lair:4   | Reached skill level 5 in Spellcasting
 12507 | Lair:4   | Noticed a death yak
 12517 | Lair:4   | Killed a death yak
 12522 | Lair:4   | Received a gift from Yredelemnul (a skeletal warrior)
 12834 | Lair:4   | Found a staircase to the Swamp.
 12867 | Lair:4   | Gained mutation: Your spells are a little easier to cast, but a little less powerful. [mutagenic meat]
 13133 | Lair:5   | Received a gift from Yredelemnul (a phantasmal warrior)
 13283 | Lair:5   | Found a staircase to the Slime Pits.
 13284 | Lair:5   | Found a viscous altar of Jiyva.
 13427 | Lair:5   | Found a dark tunnel.
 13436 | Volcano  | Entered a volcano
 13454 | Volcano  | Noticed a two-headed ogre
 13463 | Volcano  | Killed a two-headed ogre
 13489 | Volcano  | Noticed a two-headed ogre
 13512 | Volcano  | Killed a two-headed ogre
 13626 | Volcano  | Noticed a two-headed ogre
 13637 | Volcano  | Killed a two-headed ogre
 13755 | Volcano  | Noticed a two-headed ogre
 13755 | Volcano  | Noticed an ogre mage
 13757 | Volcano  | Noticed a two-headed ogre
 13767 | Volcano  | Killed a two-headed ogre
 13768 | Volcano  | a two-headed ogre changed into a swamp dragon
 13774 | Volcano  | Killed an ogre mage
 13774 | Volcano  | Reached skill level 13 in Short Blades
 14149 | Lair:6   | Entered Level 6 of the Lair of Beasts
 14167 | Lair:6   | Reached XP level 13. HP: 94/94 MP: 23/23
 14231 | Lair:6   | Received a gift from Yredelemnul (a vampire knight)
 14437 | Lair:6   | Noticed Duffy's ghost (journeyman NaFi)
 14439 | Lair:6   | Received a gift from Yredelemnul (a wraith)
 14451 | Lair:6   | Killed Duffy's ghost
 15117 | Lair:6   | Received a gift from Yredelemnul (a vampire)
 15756 | D:8      | Received a gift from Yredelemnul (a vampire knight)
 15808 | Orc:1    | Entered Level 1 of the Orcish Mines
 15895 | Orc:2    | Entered Level 2 of the Orcish Mines
 15970 | Orc:2    | Received a gift from Yredelemnul (a ghoul)
 16016 | Orc:2    | Found Attux's Antique Armour Emporium.
 16081 | Orc:2    | Found a staircase to the Elven Halls.
 16157 | Orc:2    | Found Xuedotih's Antique Weapon Emporium.
 16166 | Orc:2    | Found Soadic's Jewellery Shop.
 16171 | Orc:2    | Reached skill level 14 in Short Blades
 16210 | Orc:2    | Reached ****** piety under Yredelemnul
 16241 | Orc:2    | Found a roughly hewn altar of Beogh.
 16349 | Orc:2    | Bought the ring "Hogony" {rPois rF+ rC+} for 518 gold pieces
 16443 | Orc:2    | Found Iddeitad's Weapon Shop.
 16457 | Orc:2    | Received a gift from Yredelemnul (a ghoul)
 16470 | Orc:2    | Found Ekhyiku's Antique Weapon Emporium.
 16481 | Orc:2    | Reached skill level 1 in Hexes
 16670 | Orc:2    | Found a roughly hewn altar of Beogh.
 16676 | Orc:2    | Reached skill level 10 in Evocations
 16676 | Orc:2    | Reached XP level 14. HP: 82/102 MP: 25/27
 16677 | Orc:2    | Received a gift from Yredelemnul (a profane servitor)
 16952 | Orc:1    | Noticed Fannar
 16960 | Orc:1    | Killed Fannar
 17121 | Orc:1    | Received a gift from Yredelemnul (a vampire knight)
 17419 | Orc:1    | Received a gift from Yredelemnul (a bone dragon)
 17688 | Swamp:1  | Entered Level 1 of the Swamp
 18330 | Swamp:1  | Identified a scroll of acquirement
 18540 | Swamp:2  | Received a gift from Yredelemnul (a ghoul)
 18637 | Swamp:2  | Noticed a thorn hunter
 18648 | Swamp:2  | Killed a thorn hunter
 18940 | Swamp:3  | Noticed Jorgrun
 18952 | Swamp:3  | Killed Jorgrun
 18953 | Swamp:3  | Received a gift from Yredelemnul (a bone dragon)
 19501 | Swamp:3  | Received a gift from Yredelemnul (a vampire knight)
 19582 | Swamp:3  | Noticed a brown very ugly thing
 19593 | Swamp:3  | Killed a brown very ugly thing
 19593 | Swamp:3  | Reached skill level 15 in Short Blades
 19603 | Swamp:3  | Noticed a brown very ugly thing
 19603 | Swamp:3  | Reached skill level 5 in Hexes
 19618 | Swamp:3  | Killed a brown very ugly thing
 20009 | Swamp:4  | Entered Level 4 of the Swamp
 20114 | Swamp:4  | Received a gift from Yredelemnul (a profane servitor)
 20136 | Swamp:4  | Got a decaying rune of Zot
 20466 | Swamp:4  | Reached XP level 15. HP: 32/107 MP: 11/28
 20470 | Swamp:4  | Mangled by a shambling mangrove

Vault maps used:
D:1:      eino_arrival_water_star, minmay_misc_feat_pillars
D:2:      elyvilon_altar_3
D:3:      chequers_ecumenical_altar_twisty, serial_bayou_pond_e
D:4:      grunt_gozag_statues, temple_fountains, first_bread,
          hangedman_decor_riveting, minmay_liquid_box, minmay_misc_feat_roman,
          kennysheep_generic_room_6, uniq_sigmund, uniq_ijyb, uniq_eustachio
D:5:      minmay_misc_feat_alley
D:6:      grunt_temple_overflow_open, basic_altar, uniq_edmund
D:7:      basic_altar
D:8:      gammafunk_temple_overflow_statue, david_lair_generic, uniq_pikel
D:9:      david_orc_4
D:10:     blue_anna_alchemist, minivault_25, okawaru_ov_weapons_minmay
Temple:   nicolae_temple_figure_eight
Lair:1:   beast_lair_carwin_large_3, infiniplex_staircase_pool,
          lemuel_fruit_tree, lemuel_fruit_fields, uniq_harold
Lair:2:   spider_nest_entry_a, serial_bayou_ford_a
Lair:3:   st_stairs_9
Lair:4:   swamp_mist_pool, st_stairs_9, beast_lair_carwin_8, uniq_sonja
Lair:5:   slime_altar_1, nicolae_volcano_entry_batcave, minivault_25
Lair:6:   evilmike_catoblepas_cave, nicolae_lair_grove_arrangements,
          minivault_19, wad_woods_01
Swamp:1:  hangedman_swamp_pad, swamp_pool1, hangedman_swamp_diagram
Swamp:2:  evilmike_swamp_ruin_house_2
Swamp:3:  nicolae_swamp_round_clearing, swamp_pool2, hangedman_swamp_muck,
          uniq_jorgrun
Swamp:4:  swamp_fiery, swamp_pool2
Orc:1:    minmay_orc_barracks, uniq_fannar
Orc:2:    st_orc_town, serial_shops, shop, bh_open_orc_temple
Volcano:  volcano_pools

Skill      XL: |  1  2  3  4  5  6  7  8  9 10 11 12 13 14 |
---------------+-------------------------------------------+-----
Dodging        | 3 4 5 6 7 8 9 |  9.1
Short Blades   | 1 2 3 4 5 6 7 9 10 11 13 14 15 | 15.4
Invocations    | 4 6 7 |  7.5
Shields        | 2 5 |  5.5
Stealth        | 4 5 |  5.2
Spellcasting   | 4 7 9 |  9.2
Evocations     | 4 7 10 11 | 11.7
Hexes          | 1 6 |  6.2
Fighting       | |  3.2
Axes           | |  3.3

Action                   |  1- 3 |  4- 6 |  7- 9 | 10-12 | 13-15 || total
-------------------------+-------+-------+-------+-------+-------++-------
Melee: Hand axe          |    24 |       |       |       |       ||    24
       Dagger            |   119 |    37 |       |       |       ||   156
       Tailslap          |    10 |     9 |    72 |    85 |    93 ||   269
       Short sword       |       |    78 |   392 |   106 |       ||   576
       Rapier            |       |       |       |   391 |   587 ||   978
 Cast: Spectral Weapon   |       |       |       |       |     1 ||     1
Invok: Animate Dead      |       |       |       |    19 |    23 ||    42
       Recall Undead Sla |       |       |       |     1 |     2 ||     3
       Drain Life        |       |       |       |       |     1 ||     1
 Abil: Breathe Fire      |       |       |       |    14 |    10 ||    24
Evoke: Wand              |       |       |       |     1 |       ||     1
       Lightning rod     |       |       |       |       |     4 ||     4
       Lamp of fire      |       |       |       |       |     2 ||     2
       Fan of gales      |       |       |       |       |     2 ||     2
  Use: Scroll            |     2 |     2 |     8 |    12 |     9 ||    33
       Potion            |       |       |     1 |     3 |     4 ||     8
 Stab: Sleeping          |     4 |     7 |     5 |    10 |     6 ||    32
       Distracted        |       |     1 |     1 |     3 |    12 ||    17
       Confused          |       |       |       |     1 |     1 ||     2
       Paralysed         |       |       |       |     3 |     4 ||     7
       Petrified         |       |       |       |       |     2 ||     2
       Petrifying        |       |       |       |       |     1 ||     1
  Eat: Chunk             |     1 |     5 |     3 |    21 |    13 ||    43
       Meat ration       |       |     1 |       |     1 |       ||     2
       Royal jelly       |       |       |     3 |     1 |     1 ||     5
       Fruit             |       |       |       |     4 |    17 ||    21
Armor: Skin              |    25 |    16 |    58 |    45 |    77 ||   221
Dodge: Dodged            |    76 |    57 |   194 |   238 |   293 ||   858
Block: Other             |     8 |    19 |    27 |       |       ||    54
       Reflection        |       |       |     3 |     4 |    10 ||    17
       Buckler           |       |       |    45 |   167 |   194 ||   406
